 Dungeon Crawl Stone Soup version bcrawl-1.27.3 (webtiles) character file.

Game seed: 12026845141563542097

92131 hurricos the Sneak (level 2, 0/22 HPs)
             Began as a Formicid Sloth Apostle on Oct 10, 2020.
             Was an Initiate of Cheibriados.
             Slain by a jackal (1 damage)
             ... on level 1 of the Dungeon.
             The game lasted 00:01:03 (821 turns).

hurricos the Sneak (Formicid Sloth Apostle)          Turns: 821, Time: 00:01:03

Health: 0/22       AC:  2    Str: 17    XL:     2   Next: 80%
Magic:  3/3        EV: 13    Int: 12    God:    Cheibriados [......]
Gold:   75         SH:  9    Dex: 16    Spells: 2/3 levels left

rFire    . . .     SeeInvis +   a - +0 spear
rCold    . . .     Gourm    .   c - +0 medium shield
rNeg     . . .     Faith    .   b - +0 robe
rPois    .         Spirit   .   (helmet unavailable)
rElec    .         Reflect  .   (no cloak)
rCorr    .         Harm     .   (no gloves)
MR       .....                  (no boots)
Stlth    ++++......             (no amulet)
HPRegen  0.07/turn              (no ring)
MPRegen  0.08/turn              (no ring)

@: agile, very slow
A: permanent stasis, dig shafts and tunnels, four strong arms, antennae 3
a: Dig, Shaft Self, Bend Time, Renounce Religion


You were on level 1 of the Dungeon.
You worshipped Cheibriados.
Cheibriados was noncommittal.
You were very hungry.

You visited 1 branch of the dungeon, and saw 2 of its levels.

You collected 75 gold pieces.

Inventory:

Hand Weapons
 a - a +0 spear (weapon)
Armour
 b - a +0 robe (worn)
 c - a +0 medium shield (worn)
Wands
 d - a wand of paralysis (10)
Scrolls
 f - a scroll of amnesia {unknown}
 g - a scroll of teleportation {unknown}
 h - a scroll of magic mapping {unknown}
 j - a scroll of remove curse {unknown}
Comestibles
 e - 2 rations {!d}


   Skills:
 - Level 2.1 Fighting
 + Level 2.7 Polearms
 - Level 4.0 Stealth
 + Level 3.0 Shields
 - Level 1.1 Spellcasting
 - Level 1.2 Hexes
 - Level 1.1 Evocations


You had 2 spell levels left.
You knew the following spells:

 Your Spells              Type           Power        Failure   Level  Hunger
a - Slow                  Hex            #.......     67%         1    None
Your spell library was empty.

Dungeon Overview and Level Annotations

Branches:
Dungeon (2/12)

Altars:


Innate Abilities, Weirdness & Mutations

You cannot be hasted, slowed, berserked, paralysed or teleported.
You can dig through walls and to a lower floor.
Your four strong arms can wield two-handed weapons with a shield.
You have a pair of large antennae on your head. (SInv)


Message History

You barely miss the jackal. You block the jackal's attack.
The jackal bites you.
* * * LOW HITPOINT WARNING * * *
You hit the jackal but do no damage. The jackal barely misses you. x2
You are feeling very hungry.
You hit the jackal but do no damage. You block the jackal's attack.
The jackal barely misses you. The jackal closely misses you.
You block the jackal's attack.
You closely miss the jackal. The jackal barely misses you. x2
You barely miss the jackal. You block the jackal's attack.
The jackal barely misses you. x2
You miss the jackal.
The jackal bites you but does no damage.
You block the jackal's attack. The jackal completely misses you.
You hit the jackal.
The jackal is heavily wounded.
The jackal misses you.
The jackal bites you but does no damage.
The jackal bites you.
You die...

###..# ....# #...#
#...# .# #...# .#
#...############.#
#.#..)...........#.##
#....@).............#
###.hh..#.##.#.##...##
#...#...#..........#
......#........#.#...#
###.#.#........#(##...
................##...
###............#...#..
.............#.#....
.#........#.##...


You could see 2 jackals.

Vanquished Creatures
  2 leopard geckos (D:1)
  A bat (D:1)
  A giant cockroach (D:1)
  A goblin (D:1)
  3 hobgoblins (D:1)
  4 kobolds (D:1)
  A frilled lizard (D:1)
  A rat (D:1)
14 creatures vanquished.

Notes
Turn   | Place    | Note
-------+----------+-------------------------------------------
     0 | D:1      | hurricos the Formicid Sloth Apostle began the quest for the
                  | Orb.
     0 | D:1      | Reached XP level 1. HP: 16/16 MP: 2/2
   319 | D:1      | Reached XP level 2. HP: 18/22 MP: 3/3
   815 | D:1      | HP: 1/22 [jackal (2)]
   821 | D:1      | Slain by a jackal

Skill      XL: |  1  2 |
---------------+-------+-----
Shields        | 3 |  3.0
Fighting       | |  2.1
Polearms       | |  2.7
Stealth        | |  4.0
Spellcasting   | |  1.1
Hexes          | |  1.2
Evocations     | |  1.1

Action                   || total
-------------------------++-------
Melee: Spear             ||    71
  Use: Potion            ||     1
 Stab: Sleeping          ||     5
Armor: Robe              ||     8
Dodge: Dodged            ||    33
Block: Medium shield     ||    34
